 Dungeon Crawl Stone Soup version 0.20.1-1-g8b1a95d (webtiles) character file.

67 Nattfarinn the Vexing (level 3, -4/26 HPs)
             Began as a Vampire Enchanter on Aug 2, 2017.
             Slain by a worm (8 damage)
             ... on level 2 of the Dungeon.
             The game lasted 00:05:51 (2014 turns).

Nattfarinn the Vexing (Vampire Enchanter)           Turns: 2014, Time: 00:05:51

Health: -4/26      AC:  3    Str:  7    XL:     3   Next: 98%
Magic:  5/6        EV: 10    Int: 17    God:
Gold:   60         SH:  0    Dex: 15    Spells: 5/6 levels left

rFire    . . .     SeeInvis +   k - +0 whip (curse)
rCold    + . .     Gourm    .   (no shield)
rNeg     + + .     Faith    .   l - -2 ring mail (curse)
rPois    +         Spirit   .   (no helmet)
rElec    .         Reflect  .   (no cloak)
rCorr    .         Harm     .   (no gloves)
MR       .....                  (no boots)
Stlth    +++.......             o - amulet of rage
Regen    0.1/turn               (no ring)
MPRegen  0.1/turn               (no ring)

@: regenerating slowly
A: fangs 3, see invisible, unbreathing
a: Bat Form, Evoke Berserk Rage


You were on level 2 of the Dungeon.
You were thirsty.

You visited 1 branch of the dungeon, and saw 2 of its levels.

You collected 60 gold pieces.

Inventory:

Hand Weapons
 a - a +1 dagger
 k - a cursed +0 whip (weapon)
Missiles
 j - 26 poisoned needles
Armour
 b - a +0 robe
 l - a cursed -2 ring mail (worn)
Jewellery
 o - an amulet of rage (around neck)
Scrolls
 h - a scroll of recharging
 n - a scroll of identify
Potions
 d - 11 potions of blood
 e - a potion of flight {unknown}
 f - a potion of agility
 g - a potion of invisibility {unknown}
 i - a potion of cancellation {unknown}
 m - a potion of curing {unknown}
Books
 c - a book of Maledictions

   Spells                             Type                      Level
   a - Corona                         Hexes                        1
   b - Ensorcelled Hibernation        Hexes/Ice                    2
   c - Confuse                        Hexes                        3
   d - Tukima's Dance                 Hexes                        3
   e - Dazzling Spray                 Conjuration/Hexes            3


   Skills:
 * Level 1.5 Fighting
 + Level 1.4 Short Blades
 + Level 0.2 Maces & Flails
 - Level 2.1 Dodging
 + Level 5.2 Stealth
 - Level 2.0 Spellcasting
 * Level 5.6 Hexes


You had 5 spell levels left.
You knew the following spells:

 Your Spells              Type           Power        Failure   Level  Hunger
a - Corona                Hex            ###....      7%          1    #......


Dungeon Overview and Level Annotations

Branches:
Dungeon (2/15)

Altars:


Innate Abilities, Weirdness & Mutations

You heal slowly.
You have razor-sharp teeth.
You have supernaturally acute eyesight. (SInv)
You can survive without breathing.


Message History

You are too injured to fight recklessly!
You closely miss the rat. You bite the rat.
You kill the rat!
Casting: Corona
Confirm with . or Enter, or press ? or * to list all spells.
Aiming: Corona
Press: ? - help, Shift-Dir - straight line, f - worm
Aim: a worm (moderately wounded, chance to defeat MR: 67%)
The worm is outlined in light.
You are feeling thirsty.
You hit the worm but do no damage.
The worm is moderately wounded.
The worm bites you.
* * * LOW HITPOINT WARNING * * *
You hit the worm but do no damage. You bite the worm.
The worm is heavily wounded.
You hit the worm.
The worm is almost dead.
The worm bites you!
You die...

.# ######?##
.......## ##
#......##?
##!###.......)
..#.#......###
#. #.##...## #.
#w# #%.... #.
#@# #####
#.##.##
##.#...########
#......÷.^....#
#..#...#####....
.#..##÷## #<.#.
....##.### #..#
#.........# #..#
.........#.#
#..#


You could see a worm.

Vanquished Creatures
  2 adders (D:2)
  An ooze (D:1)
  2 leopard geckos (D:1)
  A ball python (D:1)
  6 bats
  2 giant cockroaches
  5 goblins
  5 hobgoblins
  6 jackals
  3 kobolds (D:1)
  A frilled lizard (D:1)
  3 rats
37 creatures vanquished.

Notes
Turn   | Place    | Note
-------+----------+-------------------------------------------
     0 | D:1      | Nattfarinn the Vampire Enchanter began the quest for the Orb.
     0 | D:1      | Reached XP level 1. HP: 13/13 MP: 3/3
   306 | D:1      | Reached skill level 5 in Hexes
   306 | D:1      | Reached XP level 2. HP: 13/20 MP: 3/5
   314 | D:1      | HP: 1/20 [hobgoblin/club (7)]
  1165 | D:1      | Reached XP level 3. HP: 23/25 MP: 2/6
  1639 | D:2      | Reached skill level 1 in Fighting
  1639 | D:2      | Reached skill level 5 in Stealth
  2014 | D:2      | Slain by a worm

Skill      XL: |  1  2  3 |
---------------+----------+-----
Hexes          | 5 |  5.6
Fighting       | 1 |  1.5
Stealth        | 5 |  5.2
Short Blades   | |  1.4
Maces & Flails | |  0.2
Dodging        | |  2.1
Spellcasting   | |  2.0

Action                   || total
-------------------------++-------
Melee: Dagger            ||    69
       Bite              ||    16
       Whip              ||    92
 Cast: Corona            ||    25
  Use: Scroll            ||     5
       Potion            ||     1
 Stab: Sleeping          ||     8
  Eat: Corpse            ||     1
Armor: Robe              ||    12
       Ring mail         ||    22
Dodge: Dodged            ||    94
